Cogmind - Beta 15 @@@ ROGUE MODE // 2025.09.27 @ 20:10:12 Player: Shifty Result: Destroyed by G-34 Mercenary with Small Laser Performance ------------- Evolutions (1) 500 Regions Visited (3) 600 Robots Destroyed (13) 65 Value Destroyed (211) 211 Prototype IDs (0) 0 Alien Tech Used (0) 0 Bonus (0) 0 TOTAL SCORE: 1376 Bonus ------- None Cogmind --------- Core Integrity 0/400 Matter 300/300 Energy 99/100 System Corruption 0% Temperature Cool (6) Movement Core (50) Location -9/Storage Parts ------- > --- POWER (1) -------- (None) > --- PROPULSION (2) --- (None) > --- UTILITY (3) ------ (None) > --- WEAPON (3) ------- (None) > --- INVENTORY (5) ---- Light Treads Peak State ------------ > --- POWER ------------ Ion Engine > --- PROPULSION ------- Light Treads Light Treads > --- UTILITY ---------- Heat Sink High-capacity Storage Unit > --- WEAPON ----------- EM Pulse Gun Light Assault Rifle Light Assault Rifle > --- INVENTORY -------- Light Treads Light Treads Aluminum Leg Aluminum Leg Medium Laser [Rating: 8] Favorites ----------- Power Ion Engine Engine Ion Engine Propulsion Light Treads Treads Light Treads Leg Aluminum Leg Utility High-capacity Storage Unit Device Heat Sink Storage High-capacity Storage Unit Weapon Light Assault Rifle Energy Gun EM Pulse Gun Ballistic Gun Light Assault Rifle Build | -11 -10 -9 -9 ------- Run | Yrd Mat Mat Sto Slots Evolved 2 | . . 2 . Power . | . . . . Propulsion . | . . . . Utility 1 | . . 1 . Weapon 1 | . . 1 . Parts Attached 13 | 6 2 3 2 Power 1 | 1 . . . Engine 1 | 1 . . . Core . | . . . . Reactor . | . . . . Propulsion 5 | 2 . 1 2 Treads 3 | 2 . 1 . Leg 2 | . . . 2 Wheel . | . . . . Hover . | . . . . Flight . | . . . . Utility 3 | 1 2 . . Device 1 | . 1 . . Storage 2 | 1 1 . . Processor . | . . . . Hackware . | . . . . Protection . | . . . . Artifact . | . . . . Weapon 4 | 2 . 2 . Energy Gun 2 | 1 . 1 . Energy Cannon . | . . . . Ballistic Gun 2 | 1 . 1 . Ballistic Cannon . | . . . . Launcher . | . . . . Special Weapon . | . . . . Impact Weapon . | . . . . Slashing Weapon . | . . . . Piercing Weapon . | . . . . Special Melee Weapon . | . . . . Unidentified Prototypes . | . . . . Parts Lost 7 | . . 5 2 Power . | . . . . Propulsion 4 | . . 2 2 Utility . | . . . . Weapon 3 | . . 3 . Highest Loss Streak 2 | . . 2 1 To Critical Strikes 1 | . . 1 . Average Backups 3 | 2 3 4 1 Power . | . . . . Propulsion 2 | 1 2 3 1 Utility . | . . . . Weapon . | . 1 . . Tool/Special . | . . . . Unused Backups 1 | . . . 1 Power . | . . . . Propulsion 1 | . . . 1 Utility . | . . . . Weapon . | . . . . Tool/Special . | . . . . Average Slot Usage (%) 76 | . 89 77 16 Engine 10 | . 14 10 . Treads 21 | . 28 20 . Leg 1 | . . . 16 Device 6 | . 4 10 . Storage 10 | . 14 10 . Energy Gun 11 | . 14 11 . Ballistic Gun 12 | . 14 13 . Peak Build Rating 8 | 6 7 8 2 Average Rating 6 | 4 6 7 1 On Entrance 3 | . 6 7 . Naked Turns 33 | . . 28 5 Heaviest Build 51 | 13 49 51 . Greatest Support 40 | 40 40 40 20 Greatest Overweight (x) 2 | . 1 2 . Average Overweight (x) . | . . . . Largest Inventory Capacity 20 | 8 20 20 5 Average Capacity 16 | 6 18 19 5 Most Carried 6 | 4 5 6 2 Average Carried 3 | 2 3 4 1 Final Capacity 20 | 8 20 5 5 Final Carried 5 | 3 5 3 1 Class Distribution -------------------- 79% | Mutant 20% | Gunner Dominant Class ---------------- Mutant | -10/Materials Mutant | -9/Materials Mutant | -9/Storage Resources | -11 -10 -9 -9 ----------- Run | Yrd Mat Mat Sto Matter Collected 332 | 260 22 50 . Remotely . | . . . . Salvage Created 247 | . 42 205 . Parts 18 | . 2 15 1 Haulers Intercepted . | . . . . Recyclers Shooed 1 | . . 1 . Parts Field Recycled . | . . . . Retrieved Matter . | . . . . Parts Self-Destructed . | . . . . Prevented . | . . . . Kills | -11 -10 -9 -9 ------- Run | Yrd Mat Mat Sto Combat Hostiles Destroyed 11 | . . 9 2 Melee 2 | . . . 2 Guns 6 | . . 6 . AOE 3 | . . 3 . Classes Destroyed 4 | . 1 3 . Watcher 2 | . 2 . . Swarmer 9 | . . 7 2 Grunt 1 | . . 1 . Sentry 1 | . . 1 . Best Kill Streak 4 | . 2 4 2 Combat Bots Only 4 | . . 4 2 Max Kills in Single Turn 2 | . 1 2 1 Gunslinging . | . . . . Exploded 2 | . . 2 . Melee 1 | . . . 1 Uniques/NPCs Destroyed . | . . . . Combat | -11 -10 -9 -9 -------- Run | Yrd Mat Mat Sto Hostile Shots Fired 210 | . . 159 51 Missed 65 | . . 55 10 Hits 145 | . . 104 41 Projectile 145 | . . 104 41 Critical Strikes 3 | . . 3 . Damage Taken 1284 | . . 943 341 Core 406 | . . 257 149 Absorbed by Shields . | . . . . Core Remaining (%) 100 | 100 100 . . Volleys Fired 27 | . 2 25 . Largest 3 | . 2 3 . Hottest 80 | . 60 80 . Shots Fired 63 | . 4 59 . Gun 63 | . 4 59 . Cannon . | . . . . Launcher . | . . . . Special . | . . . . Kinetic 36 | . 2 34 . Thermal 3 | . . 3 . Explosive . | . . . . Electromagnetic 24 | . 2 22 . Robot Hit Streak 5 | . 2 5 . Robot Miss Streak 5 | . . 5 . Penetration Max . | . . . . Secondary Targets 3 | . . 3 . Max Gunslinging Chain 1 | . . 1 . Shots Hit Robots 30 | . 2 28 . Core Hits 29 | . 2 15 12 Critical Kills . | . . . . Critical Parts Destroyed . | . . . . Critical Strikes . | . . . . Melee Attacks . | . . . . Impact . | . . . . Slashing . | . . . . Piercing . | . . . . Sneak Attacks . | . . . . Combat Hostiles . | . . . . Follow-up Attacks . | . . . . Damage Inflicted 515 | . 42 454 19 Guns 365 | . 42 323 . Cannons . | . . . . Explosions 131 | . . 131 . Melee . | . . . . Ramming 19 | . . . 19 Kinetic 103 | . . 103 . Thermal 156 | . . 156 . Explosive . | . . . . Electromagnetic 237 | . 42 195 . Impact . | . . . . Slashing . | . . . . Piercing . | . . . . Highest Corruption . | . . . . Average Corruption . | . . . . Corruption Purged . | . . . . Corruption Blocked . | . . . . Overload Shots . | . . . . Overflow Damage 7 | . . 7 . Projectiles . | . . . . Explosions 7 | . . 7 . Melee . | . . . . Knockbacks . | . . . . Impact . | . . . . Kinetic . | . . . . Secondary . | . . . . Self-Inflicted Damage 39 | . . 39 . Shots 1 | . . 1 . Rammed . | . . . . Targets Rammed 20 | . . . 20 Kicked 20 | . . . 20 Crushed . | . . . . Highest Temperature 26 | . . 26 . Average Temperature 9 | . . 9 . Received Heat Transfer 108 | . . 72 36 Siege Activations . | . . . . Martial Activations . | . . . . Shielding Activations . | . . . . Robots Disrupted . | . . . . Combat Hostiles . | . . . . Robots Corrupted . | . . . . Combat Hostiles . | . . . . Parts Fried 1 | . . 1 . Impact Corruptions . | . . . . Robots Melted . | . . . . Combat Hostiles . | . . . . Parts Melted . | . . . . Heat Transferred 224 | . . 224 . Parts Sabotaged . | . . . . Parts Stolen . | . . . . Parts Stripped . | . . . . Power Chain Reactions 2 | . . 2 . Alert | -11 -10 -9 -9 ------- Run | Yrd Mat Mat Sto Maximum Alert Level . | . . . . Low Security (%) 100 | 100 100 100 100 Level 1 . | . . . . Level 2 . | . . . . Level 3 . | . . . . Level 4 . | . . . . Level 5 . | . . . . High Security . | . . . . Max Security . | . . . . Peak Influence 175 | . 7 175 77 Initial 67 | . . . 67 Average 26 | . . 47 63 Influence Increases 397 | . 14 333 50 Destroy 0b10 Robot/C 220 | . . 180 40 Destroy 0b10 Robot/NC 10 | . 10 . . Destroy Leader 54 | . 4 40 10 Disable Machine 15 | . . 15 . Destroy Structure 8 | . . 8 . Lose Combat Pursuer 90 | . . 90 . Influence Decreases 350 | . 14 172 164 Entered New Map 94 | . . . 94 Time Decay 186 | . 14 122 50 Lost Part 70 | . . 50 20 Squads Dispatched 2 | . 1 1 . Investigation . | . . . . Extermination . | . . . . Reinforcement 2 | . 1 1 . Assault . | . . . . Garrison . | . . . . Intercept . | . . . . Searches Triggered . | . . . . Construction Impeded . | . . . . Haulers Reinforced . | . . . . Active Scanning Responses . | . . . . Cargo Convoy Interrupts . | . . . . Stealth | -11 -10 -9 -9 --------- Run | Yrd Mat Mat Sto Distress Signals 3 | . . 2 1 Communications Jammed . | . . . . Distress Signals . | . . . . Times Spotted 32 | . 3 22 7 Peak Tracking Total 7 | . 2 7 5 Tactical Retreats 2 | . . 2 . Traps | -11 -10 -9 -9 ------- Run | Yrd Mat Mat Sto Traps Triggered . | . . . . Indirectly . | . . . . Trap Hack Attempts . | . . . . Triggered . | . . . . Disarmed . | . . . . Reprogrammed . | . . . . Reused . | . . . . Traps Extracted . | . . . . Installed . | . . . . Triggered . | . . . . Machines | -11 -10 -9 -9 ---------- Run | Yrd Mat Mat Sto Machines Disabled 1 | . . 1 . Max in Single Turn 1 | . . 1 . Machines Repaired . | . . . . Machines Dismantled . | . . . . Machines Sabotaged . | . . . . Overloaded Fab Kills . | . . . . Hacking | -11 -10 -9 -9 --------- Run | Yrd Mat Mat Sto Machines Accessed 2 | . 1 1 . Terminals 2 | . 1 1 . Fabricators . | . . . . Repair Stations . | . . . . Recycling Units . | . . . . Scanalyzers . | . . . . Garrison Access . | . . . . Total Hacks 3 | . 2 1 . Successful 2 | . 1 1 . Failed 1 | . 1 . . Catastrophic . | . . . . Database Lockouts . | . . . . Manual . | . . . . Terminals 3 | . 2 1 . Fabricators . | . . . . Repair Stations . | . . . . Recycling Units . | . . . . Scanalyzers . | . . . . Garrison Access . | . . . . Terminal Hacks 2 | . 1 1 . Record 1 | . . 1 . Dispatch Records 1 | . 1 . . Fabricator Hacks . | . . . . Repair Station Hacks . | . . . . Recycling Unit Hacks . | . . . . Scanalyzer . | . . . . Garrison Access Hacks . | . . . . Unauthorized Hacks . | . . . . Terminals . | . . . . Fabricators . | . . . . Repair Stations . | . . . . Recycling Units . | . . . . Scanalyzers . | . . . . Garrison Access . | . . . . Data Cores Recovered . | . . . . Used . | . . . . Hacking Detections . | . . . . Full Trace Events . | . . . . Feedback Events . | . . . . Feedback Blocked . | . . . . Robot Schematics Acquired . | . . . . Robots Built . | . . . . Authchips . | . . . . Time . | . . . . Total Robot Build Rating . | . . . . Part Schematics Acquired . | . . . . Parts Built . | . . . . Authchips . | . . . . Time . | . . . . Total Part Build Rating . | . . . . Parts Repaired . | . . . . Time . | . . . . Parts Recycled . | . . . . Recycled Matter . | . . . . Retrieved Matter . | . . . . Retrieved Components . | . . . . Parts Scanalyzed . | . . . . Part Schematics Acquired . | . . . . Parts Damaged . | . . . . Bothacking | -11 -10 -9 -9 ------------ Run | Yrd Mat Mat Sto Used RIF Installer . | . . . . Robots Hacked . | . . . . Non-combat . | . . . . Combat . | . . . . Robot Hacks Applied . | . . . . Relay Couplers Released . | . . . . Fabnet Peak Effective % . | . . . . Robots Rewired . | . . . . Allies Hacked . | . . . . Hacks Repelled . | . . . . Allies | -11 -10 -9 -9 -------- Run | Yrd Mat Mat Sto Total Allies . | . . . . Largest Group . | . . . . Highest-Rated Group . | . . . . Highest-Rated Ally . | . . . . Total Orders . | . . . . Ally Attacks . | . . . . Total Damage . | . . . . Kills . | . . . . Allies Corrupted . | . . . . Allies Melted . | . . . . Intel | -11 -10 -9 -9 ------- Run | Yrd Mat Mat Sto Active Infowar (turns) . | . . . . Robot Analysis Total . | . . . . Derelict Logs Recovered . | . . . . Drone Launches . | . . . . Drone Recoveries . | . . . . Exploration | -11 -10 -9 -9 ------------- Run | Yrd Mat Mat Sto Turns Passed 1294 | 113 502 578 101 Spaces Moved 612 | 73 219 254 66 Core 81 | 16 . 57 8 Treads 473 | 57 219 197 . Legs 58 | . . . 58 Wheels . | . . . . Hover . | . . . . Flight . | . . . . Fastest Speed 50 | 50 160 50 50 Average Speed 190 | 135 223 197 111 Slowest Speed 320 | 160 240 320 120 Overloaded Moves . | . . . . Propulsion Burnouts . | . . . . Robots Hopped . | . . . . Potential Cave-ins . | . . . . Cave-ins Triggered . | . . . . Exploration Rate (%) 21 | 5 45 23 11 Regions Visited 3 Branch Regions 1 Pre-discovered Areas . | . . . . Known Exits Taken . | . . . . Unknown Exits Taken 3 | 1 1 1 . Scrap Searched . | . . . . Spaces Dug . | . . . . Terrain Destroyed 7 | . . 7 . Melee . | . . . . Projectile . | . . . . AOE 7 | . . 7 . Terrain Rammed . | . . . . Walls Destroyed . | . . . . Machines Disabled . | . . . . Actions | -11 -10 -9 -9 --------- Run | Yrd Mat Mat Sto Total 688 | 87 229 283 89 Wait 3 | . 1 1 1 Move 609 | 72 218 253 66 Hop . | . . . . Pick Up 14 | 9 4 1 . Fast Attach . | . . . . Attach 13 | 6 2 3 2 Detach 1 | . 1 . . Swap . | . . . . Drop 1 | . 1 . . Fire 27 | . 2 25 . Melee . | . . . . Ram . | . . . . Kick 20 | . . . 20 Crush . | . . . . Escape Stasis . | . . . . Rewire . | . . . . Trap . | . . . . Miscellaneous . | . . . . Route ------- -11/Scrapyard -10/Materials (discovered 2 exits: *Mat / [*Min]) -9/Materials -9/Storage History --------- Turn | Location | Event 7 | -11/Scrapyard | Discovered new exit (range 16) 114 | -11/Scrapyard | Entered Materials 226 | -10/Materials | Discovered new exit (range 9) 303 | -10/Materials | Build established: Mutant 590 | -10/Materials | Discovered new exit (range 6) 616 | -10/Materials | Entered another Materials area 616 | -9/Materials | Evolved 2 slots: Utility x1, Weapon x1 786 | -9/Materials | Discovered new exit (range 4) 1166 | -9/Materials | Released all parts (5) 1179 | -9/Materials | Core integrity fell below 50% 1194 | -9/Materials | Entered Storage 1229 | -9/Storage | Core integrity fell below 20% 1295 | -9/Storage | Destroyed by G-34 Mercenary with Small Laser Last Messages --------------- 01166_ Released Hcp. Storage Unit. 01166_ Released Lgt. Treads. 01166_ Released Med. Laser. LOCATION=UNKNOWN GOAL=ESCAPE 01204_ Kicked S-10 Pest out of the way. 01204_ S-10 Pest destroyed. 01205_ Kicked S-10 Pest. 01210_ Kicked S-10 Pest out of the way. 01211_ Kicked S-10 Pest. 01219_ Kicked S-10 Pest out of the way. 01239_ Kicked S-10 Pest. 01242_ S-10 Pest destroyed. 01242_ Aluminum Leg destroyed. 01243_ Kicked S-10 Pest. 01244_ Kicked S-10 Pest out of the way. 01251_ Kicked S-10 Pest. 01253_ S-10 Pest destroyed. 01285_ R-06 Scavenger collects Flight Unit. 01290_ Aluminum Leg destroyed. Map ----- +----------------------------------------------------+ | ???????????????????#T## #???? | | ???????????????????#### #???? | | ??????????????????????# #???? | | ??????????????????????# #???? | | ??????????????????????# #???? | | ??????????????????????# #???? | | ????????????????????### #???? | | ????????????????????#T# #???? | | ????????????????????#%+% #???? | | ????????????????????"%#% #???? | | ????????????????????#%# #???? | | ????????????????????### ##??? | | ?????????????????????# r #??? | | ?????????????????????# #??? | | ?????????????????????# Tg #??? | | ?????????????????????# #??? | | ?????????????????????# #??? | | ?????????????????????##g ##??? | | ??????????????????????# #???? | | ??????????????????????# #???? | | ??????????????????????# #???? | | ??????????????????????# #???? | | ??????????????????????# #???? | | ?????????????####+##### #???? | | ?????????? w #???? | | ?????????? @#???? | | ?????????? w #???? | | ???????????###/##+##### #???? | | ??????????????? ?????# #???? | | ????????????? ???????# #???? | | ????????????? ????????# #???? | | ??????????????????????# #???? | | ??????????????????????# #???? | | ??????????????????????# #???? | | ??????????????????????# ????? | | ??????????????????????# ????? | | ??????????????????????#r ????? | | ??????????????????????# ????? | | ??????????????????????# ????? | | ??????????????????????# ????? | | ??????????????????????? ????? | | ??????????????????????????????? | | ??????????????????????????????? | | ??????????????????????????????? | | ??????????????????????????????? | | ??????????????????????????????? | | ??????????????????????????????? | | ??????????????????????????????? | | ??????????????????????????????? | | ??????????????????????????????? | +----------------------------------------------------+ Best States ------------- Heat Dissipation 38 Energy Generation 10 Energy Capacity 250 Matter Stores 300 Matter Capacity 300 Sight Range 16 Terrain Scan Density 10 Evasion (%) 55 Recoil Reduction 2 Item Schematics ----------------- None Robot Schematics ------------------ None Fabricated ------------ Nothing Repaired ---------- Nothing Alien Tech Used ----------------- None Achievements -------------- None Challenges ------------ None Game ------ Seed RagnarokHelicalStorage Manual? 0 Play Time 00:12:06 Cumulative 3.7 hours Start 2025.09.27 @ 15:17:43 End 2025.09.27 @ 20:10:12 Sessions 2 Manual Loads 0 Difficulty Rogue Special Mode None Game No. 13 Rogue 11 Adventurer 2 Explorer 0 Win Type - Total 0 Types 0/0/0/0/0/0/0/0/0/0 Lore% 3 Gallery% 9 Achievement% 8 Wizard Run 0 Options --------- Layout 1 ASCII 0 Keyboard 0 Movement Numpad Keybinds 0 Fullscreen 1 Font 24/Smallcaps Map View 50x35 Zoom Use 0% Tactical HUD 1 Map Filters NONE Filters NONE Steam 1 RUN: 428371c5-742f-44ab-9d0a-74143eab0b9d